 Dungeon Crawl Stone Soup version 0.31.0-12-g77e489cdc1 (webtiles) character file.

Game seed: 3010364771305889156

6 PaiMei the Grave Robber (level 1, -1/13 HPs)
             Began as a Demonspawn Necromancer on Feb 12, 2024.
             Slain by a goblin
             ... wielding a +0 dagger
              (2 damage)
             ... on level 1 of the Dungeon.
             The game lasted 00:00:33 (199 turns).

PaiMei the Grave Robber (Demonspawn Necromancer)     Turns: 199, Time: 00:00:34

Health: -1/13      AC:  4    Str:  8    XL:     1   Next: 75%
Magic:  0/3        EV: 12    Int: 15    God:
Gold:   8          SH:  0    Dex: 13    Spells: 3/4 levels left

rFire   . . .        e - +0 short sword
rCold   . . .        (no shield)
rNeg    . . .        a - +0 robe
rPois   .            (no helmet)
rElec   .            d - +0 cloak
rCorr   .            (no gloves)
SInv    .            f - +0 pair of boots
Will    .....        (no amulet)
Stlth   ++           (no ring)
HPRegen 0.22/turn    (no ring)
MPRegen 0.08/turn

%: no passive effects
@: no status effects
A: no striking features
a: no special abilities


You were on level 1 of the Dungeon.
You visited 1 branch of the dungeon, and saw 1 of its levels.

You collected 8 gold pieces.

Inventory:

Hand Weapons
 e - a +0 short sword (weapon)
Armour
 a - a +0 robe (worn)
 d - a +0 cloak (worn)
 f - a +0 pair of boots (worn)
Scrolls
 c - a scroll of teleportation {unknown}
Potions
 b - a potion of magic


   Skills:
 + Level 1.9 Dodging
 + Level 1.9 Stealth
 + Level 2.1 Spellcasting
 + Level 4.4 Necromancy


You had 3 spell levels left.
You knew the following spells:

 Your Spells              Type           Power      Damage    Failure   Level
a - Necrotise             Necr           60%        1d7       3%          1

Your spell library contained the following spells:

 Spells                   Type           Power      Damage    Failure   Level
 Vampiric Draining        Necr           15%        2d7       11%         3
 Animate Dead             Necr           15%        N/A       34%         4
 Curse of Agony           Necr           15%        N/A       67%         5


Dungeon Overview and Level Annotations

Branches:
Dungeon (1/15)

Altars:

Shops:
D:1 *


Message History

You miss the jackal.
The jackal bites you but does no damage.
The jackal barely misses you.
Casting: Necrotise (safe; 3% risk of failure)
Confirm with . or Enter, or press ? or * to list all spells.
You don't have enough magic to cast this spell.
You closely miss the jackal.
The jackal bites you but does no damage.
You completely miss the jackal. The jackal bites you. x2
* * * LOW HITPOINT WARNING * * *
Casting: Necrotise (safe; 3% risk of failure)
Confirm with . or Enter, or press ? or * to list all spells.
You don't have enough magic to cast this spell.
You barely miss the jackal.
The jackal bites you but does no damage.
Casting: Necrotise (safe; 3% risk of failure)
Confirm with . or Enter, or press ? or * to list all spells.
You don't have enough magic to cast this spell.
You hit the jackal.
The jackal is severely wounded.
The jackal completely misses you.
Casting: Necrotise (safe; 3% risk of failure)
Confirm with . or Enter, or press ? or * to list all spells.
Aiming: Necrotise (safe; 3% risk of failure)
Press: ? - help, Shift-Dir - straight line, f - jackal
Aim: a jackal (severely wounded, chance to affect: 84%)
The jackal writhes in agony.
You kill the jackal!
The dead are walking!
The goblin hits your jackal skeleton with a +0 dagger.
You swap places.
The goblin hits you with a +0 dagger.
* * * LOW HITPOINT WARNING * * *
The rat twitches its whiskers.
Casting: Necrotise (safe; 3% risk of failure)
Confirm with . or Enter, or press ? or * to list all spells.
You don't have enough magic to cast this spell.
You closely miss the goblin.
The goblin is heavily wounded.
The goblin hits you with a +0 dagger.
You die... ........#∩# .... ♣~♣ PP♣

........#.#
♣~♣♣♣~
#........#.#
♣~~~♣
#........#+#
♣~<~♣
#........#)#
♣~~~♣
#........#.#
♣~♣♣♣~
#..........#
♣~♣ ♣
#........r####♣
♣~♣
........grrg@Z♣
♣~♣
######.#######
♣~♣ #....# ~♣
#..).r...#
.....r####.#
%..... ...
...g. ### .....
....


You could see a quokka, 2 goblins, 2 rats and a friendly jackal skeleton.

Vanquished Creatures
  A giant cockroach (D:1)
  2 jackals (D:1)
  A quokka (D:1)
  A kobold (D:1)
5 creatures vanquished.

Notes
Turn   | Place    | Note
-------+----------+-------------------------------------------
     0 | D:1      | PaiMei the Demonspawn Necromancer began the quest for the
                  | Orb.
     0 | D:1      | Reached XP level 1. HP: 13/13 MP: 3/3
   110 | D:1      | Found Ahahu's General Store.
   199 | D:1      | Slain by a goblin

Illustrated notes

Levels and vault maps discovered:
D:1:      orjb1_clovarrival, layout_rooms, serial_shops,
          nicolae_shop_hallway_stairs, chequers_avenue

Action                     || total
---------------------------++-------
  Melee: Short sword       ||    13
   Cast: Necrotise         ||     9
 Armour: Robe              ||    18
  Dodge: Dodged            ||    15
